AoeStats
← Iguano Pop

Arabia

507225250Analyzed
1v1 RM · 15d ago on Sep 17, 2026· 46m 35s· 2 players
Game mode
Random Map
Map size
Tiny (2 player)
Population
200
Speed
Normal
Resources
Standard
Victory
Conquest
Starting age
Dark Age
Ending age
Imperial Age
RankedLock teamsTeams togetherTeam positionsShared explorationLock speedFull tech treeHidden civsTurbo modeCheats
Victory
Defeat
🇩🇪 Japanese · Germany
1306
+17
🇲🇽 Vietnamese · Mexico
1333
-17
LeoKiller225910
6:25 Loom
9:30 Feudal Age
10:36 Man-at-Arms
11:48 Double-Bit Axe
16:45 Horse Collar
17:21 Fletching
23:05 Castle Age
21:30 Padded Archer Armor
23:08 Elite Skirmisher
23:50 Bodkin Arrow
28:28 Leather Archer Armor
29:12 Gold Mining
29:01 Crossbowman
30:57 Wheelbarrow
33:01 Hand Cart
39:10 Imperial Age
37:21 Thumb Ring
39:32 Ballistics
40:01 Scale Barding Armor
40:38 Bracer
41:41 Bloodlines
42:49 Ring Archer Armor
42:49 Town Watch
44:07 Chemistry
44:14 Masonry
44:53 Bow Saw
44:36 Light Cavalry
45:16 Husbandry
45:56 Conscription
46:18 Scale Barding Armor
46:44 Kataparuto
47:19 Siege Engineers
Iguano Pop
4:48 Loom
9:33 Feudal Age
10:59 Double-Bit Axe
11:27 Town Watch
13:54 Wheelbarrow
13:37 Fletching
15:32 Padded Archer Armor
26:02 Castle Age
26:34 Crossbowman
27:09 Bodkin Arrow
35:22 Thumb Ring
38:29 Ballistics
44:07 Imperial Age
42:38 Murder Holes
43:37 Leather Archer Armor
44:54 Hand Cart
46:51 Bracer
Connection lost

Rejoining the realm…

Still unreachable

The connection could not be restored.

Session expired

The server has moved on; the page needs a fresh start.